 Dungeon Crawl Stone Soup version 0.23-a0-435-g79ed067 (webtiles) character file.

172 galech the Skirmisher (level 5, 28/42 HPs)
             Began as a Demonspawn Fighter on Nov 15, 2018.
             Quit the game on level 3 of the Dungeon.
             The game lasted 00:02:38 (2221 turns).

galech the Skirmisher (Demonspawn Fighter)          Turns: 2221, Time: 00:02:39

Health: 28/42      AC:  9    Str: 19    XL:     5   Next: 27%
Magic:  5/5        EV:  5    Int: 10    God:
Gold:   90         SH:  9    Dex: 13    Spells: 4/4 levels left

rFire    . . .     SeeInvis .   a - +0 war axe
rCold    . . .     Gourm    .   c - +0 shield
rNeg     . . .     Faith    .   g - +0 chain mail
rPois    .         Spirit   .   (no helmet)
rElec    .         Reflect  .   (no cloak)
rCorr    .         Harm     .   (no gloves)
MR       .....                  (no boots)
Stlth    ..........             (no amulet)
HPRegen  0.14/turn              t - +3 ring of strength
MPRegen  0.09/turn              (no ring)

@: no status effects
A: hooves 1, nightstalker 1
a: no special abilities


You were on level 3 of the Dungeon.
You were hungry.

You visited 1 branch of the dungeon, and saw 3 of its levels.

You collected 90 gold pieces.

Inventory:

Hand Weapons
 a - a +0 war axe (weapon)
Armour
 c - a +0 shield (worn)
 g - a +0 chain mail (worn)
Jewellery
 t - a +3 ring of strength (left hand)
Scrolls
 i - a scroll of enchant weapon {unknown}
 j - a scroll of teleportation {unknown}
 k - a scroll of identify {unknown}
 l - a scroll of fear {unknown}
 o - a scroll of magic mapping {unknown}
 p - a scroll of amnesia {unknown}
 q - a scroll of fog {unknown}
 s - a scroll of remove curse {unknown}
Potions
 d - a potion of might
 e - a potion of haste {unknown}
 h - a potion of lignification {unknown}
 m - 2 potions of heal wounds {unknown}
 n - a potion of brilliance {unknown}
 r - a potion of curing {unknown}
Comestibles
 f - 2 rations


   Skills:
 + Level 3.7 Fighting
 + Level 3.2 Axes
 + Level 3.4 Armour
 + Level 0.2 Dodging
 + Level 0.9 Stealth
 + Level 3.3 Shields


You had 4 spell levels left.
You didn't know any spells.
Your spell library was empty.

Dungeon Overview and Level Annotations

Branches:
Dungeon (3/15)

Altars:
Dithmenos
Ru


Innate Abilities, Weirdness & Mutations

You have large cloven feet.
You are slightly more attuned to the shadows.


Message History

The big kobold hits you but does no damage.
You block the hobgoblin's attack.
The big kobold hits you with a +1 dagger of speed.
You closely miss the big kobold.
The big kobold is almost dead.
You slash the hobgoblin!
You kill the hobgoblin!
The big kobold hits you but does no damage.
You block the big kobold's attack.
You slash the big kobold!
You kill the big kobold!
Your Axes skill increases to level 3!
You have reached level 5!
Your demonic ancestry asserts itself...
You slip into the darkness of the dungeon.
Items here: )) †† a +1 dagger of speed; a +0 club; a big kobold corpse; a kobold corpse
Items here: )) †† a +0 club x2; a hobgoblin corpse; a kobold corpse Are you sure you want to abandon this character and quit the game? (Confirm

####..#
#.....#
#.....#
#..#..# #
#..#..# #≈
#..##.#
##≈≈##..#.#
#≈≈≈≈#.)#>#
#≈≈≈≈#)@#.#
#≈≈≈≈#..#.#
...≈≈##..#.#
...≈≈ ..##.#
...≈ #..##.#
... ..###.#
...
#..#≈#.#######
#≈#........
#≈≈########


There were no monsters in sight!

Vanquished Creatures
  A big kobold (D:3)
  5 adders
  2 dart slugs (D:1)
  A leopard gecko (D:1)
  3 orcs (D:2)
  4 goblins
  7 hobgoblins
  2 ball pythons (D:1)
  8 bats
  5 frilled lizards
  5 kobolds
  17 rats (D:1)
60 creatures vanquished.

Notes
Turn   | Place    | Note
-------+----------+-------------------------------------------
     0 | D:1      | galech the Demonspawn Fighter began the quest for the Orb.
     0 | D:1      | Reached XP level 1. HP: 18/18 MP: 1/1
   191 | D:1      | Gained mutation: You have large cloven feet. [demonic
                  | ancestry]
   191 | D:1      | Reached XP level 2. HP: 24/24 MP: 2/2
   598 | D:1      | Reached XP level 3. HP: 23/29 MP: 3/3
  1519 | D:2      | Reached XP level 4. HP: 22/35 MP: 4/4
  1755 | D:2      | Found a shadowy altar of Dithmenos.
  1798 | D:2      | Found a sacrificial altar of Ru.
  2207 | D:3      | Noticed a big kobold
  2218 | D:3      | Killed a big kobold
  2218 | D:3      | Gained mutation: You are slightly more attuned to the
                  | shadows. [demonic ancestry]
  2218 | D:3      | Reached XP level 5. HP: 27/42 MP: 5/5
  2221 | D:3      | Quit the game

Vault maps used:
D:1:      lemuel_arrival_cross, minmay_rat_gold_closets
D:2:      old_standard_altar, old_standard_altar, nrook_uturn, minmay_tromino_i4
D:3:      cheibrodos_thug_alley

Skill      XL: |  1  2  3  4 |
---------------+-------------+-----
Shields        | 3 |  3.3
Armour         | 3 |  3.4
Axes           | 2 3 |  3.2
Fighting       | |  3.7
Dodging        | |  0.2
Stealth        | |  0.9

Action                   |  1- 3 |  4- 6 || total
-------------------------+-------+-------++-------
Melee: War axe           |   125 |    59 ||   184
       Kick              |    24 |    10 ||    34
  Eat: Chunk             |     2 |     2 ||     4
Armor: Scale mail        |    51 |       ||    51
       Chain mail        |    22 |    42 ||    64
Dodge: Dodged            |    24 |    15 ||    39
Block: Shield            |    64 |    42 ||   106

Table legend:
 A = Non-vault XP
 B = Vault XP
 C = Vault XP percentage of total XP
 D = Non-vault monster count
 E = Vault monster count
 F = Vault count percentage of total count
                 A         B        C        D         E       F
            +---------+---------+-------+---------+---------+-------
      Total |     117 |     130 |  52.6 |      42 |      18 |  30.0
            +---------+---------+-------+---------+---------+-------
        D:1 |      41 |      10 |  19.6 |      25 |      10 |  28.6
        D:2 |      59 |      18 |  23.4 |      14 |       3 |  17.6
        D:3 |      17 |     102 |  85.7 |       3 |       5 |  62.5
            +---------+---------+-------+---------+---------+-------
